 Dungeon Crawl Stone Soup version 0.27.1 (webtiles) character file.

Game seed: 3062089558848725489

31206 Tirrikindir the Carver (level 13, -8/93 HPs)
             Began as an Octopode Fighter on Aug 30, 2021.
             Was an Initiate of Gozag.
             Mangled by a death yak simulacrum (13 damage)
             ... in an ice cave.
             The game lasted 00:35:12 (9251 turns).

Tirrikindir the Carver (Octopode Fighter)           Turns: 9251, Time: 00:35:12

Health: -8/93      AC:  9    Str: 20    XL:     13   Next: 56%
Magic:  22/22      EV: 17    Int: 11    God:    Gozag
Gold:   739        SH: 12    Dex: 14    Spells: 12/12 levels left

rFire    x . .     SeeInvis .   y - +7 Singing Sword {vorpal, sonic wave}
rCold    + + .     Faith    .   b - +0 kite shield
rNeg     . . .     Spirit   .   (helmet restricted)
rPois    .         Reflect  .   e - amulet of regeneration
rElec    .         Harm     .   k - ring of protection from fire
rCorr    +         Rampage  .   l - ring of magical power
Will     ++...                  G - ring "Saghuem" {Will+ Str+3}
Stlth    +++++.....             H - ring of resist corrosion
HPRegen  1.25/turn              B - +4 ring of protection
MPRegen  0.18/turn              c - ring of ice
                                r - ring of ice
                                (no ring)

@: gold aura
A: almost no armour, amphibious, 8 rings, camouflage 1, gelatinous body 1,
(nimble swimmer 1), tentacles, iridescent scales 2, strong-willed 1
a: Renounce Religion, Potion Petition, Call Merchant, Bribe Branch


You were in an ice cave.
You worshipped Gozag.
Gozag was pleased with you.
You visited 3 branches of the dungeon, and saw 14 of its levels.
You also visited: Ice Cave.

You collected 2349 gold pieces.
You spent 891 gold pieces at shops.
You paid 719 gold pieces to Gozag.

Inventory:

Hand Weapons
 a - a +1 long sword of draining
 y - the +7 Singing Sword (weapon) {vorpal, sonic wave}
   (You found it on level 5 of the Dungeon)

   It inflicts extra damage upon your enemies.
   It radiates damaging sonic waves as it strikes, especially in combat
   involving dangerous or numerous foes.
 C - a +3 short sword
Missiles
 m - 5 curare-tipped darts (quivered)
Armour
 b - a +0 kite shield (worn)
Jewellery
 c - a ring of ice (on tentacle)
 e - an amulet of regeneration (around mantle)
 k - a ring of protection from fire (left tentacle)
 l - a ring of magical power (right tentacle)
 r - a ring of ice (on tentacle)
 B - a +4 ring of protection (on tentacle)
 G - the ring "Saghuem" (on tentacle) {Will+ Str+3}
   (You bought it in a shop on level 8 of the Dungeon)

   [ring of willpower]

   Str:       It affects your strength (+3).
   Will:      It increases your willpower.
 H - a ring of resist corrosion (on tentacle)
Wands
 u - a wand of iceblast (19)
 A - a wand of paralysis (1)
 J - a wand of mindburst (4)
 M - a wand of charming (11)
Scrolls
 g - a scroll of brand weapon
 i - a scroll of blinking
 n - 5 scrolls of teleportation
 p - 2 scrolls of fog
 q - a scroll of torment {unknown}
 t - a scroll of amnesia {unknown}
 w - a scroll of magic mapping
 x - a scroll of fear {unknown}
 z - 2 scrolls of enchant armour {unknown}
 E - 2 scrolls of immolation {unknown}
 I - a scroll of acquirement {unknown}
 N - a scroll of enchant weapon
Potions
 d - 6 potions of curing
 f - 5 potions of brilliance
 h - a potion of attraction {unknown}
 j - 2 potions of heal wounds
 o - a potion of lignification {unknown}
 s - 3 potions of cancellation {unknown}
 v - 2 potions of berserk rage {unknown}
 D - 2 potions of flight {unknown}
 F - 3 potions of resistance {unknown}
 L - 2 potions of haste {unknown}
Miscellaneous
 K - a box of beasts


   Skills:
 * Level 10.5 Fighting
 * Level 12.3 Long Blades
 + Level 10.2 Dodging
 - Level 10.0 Stealth
 + Level 10.2 Shields
 + Level 6.5 Evocations


You had 12 spell levels left.
You didn't know any spells.
Your spell library contained the following spells:

 Spells                   Type           Power      Damage    Failure   Level
 Animate Skeleton         Necr           0%         N/A       54%         1
 Apportation              Tloc           0%         N/A       54%         1
 Corona                   Hex            0%         N/A       54%         1
 Summon Small Mammal      Summ           0%         N/A       54%         1
 Ensorcelled Hibernation  Hex/Ice        0%         N/A       69%         2
 Call Canine Familiar     Summ           0%         N/A       89%         3
 Spider Form              Tmut/Pois      0%         N/A       89%         3
 Summon Guardian Golem    Hex/Summ       0%         N/A       89%         3
 Olgreb's Toxic Radiance  Pois           0%         N/A       100%        4
 Shadow Creatures         Summ           N/A        N/A       100%        6
 Ozocubu's Refrigeration  Ice            0%         4d5       100%        7
 Ignition                 Fire           0%         3d3       100%        8


Dungeon Overview and Level Annotations

Branches:
Dungeon (12/15)            Temple (1/1) D:5            Lair (1/6) D:8
    Orc (0/2) D:9           IceCv (1/1)

Altars:
Ashenzari
Cheibriados
Dithmenos
Elyvilon
Fedhas
Gozag
Hepliaklqana
Kikubaaqudgha
Makhleb
Nemelex Xobeh
Okawaru
Qazlal
Ru
Sif Muna
Trog
Uskayaw
Vehumet
Wu Jian
Xom
Yredelemnul
Zin
The Shining One

Shops:
D:2 (   D:4 [   D:5 (:   D:8 =   D:9 [

Portals:
Trove: D:10 (give +4 demon whip)


Innate Abilities, Weirdness & Mutations

You cannot wear most types of armour.
You are amphibious.
You can wear up to eight rings at the same time.
Your skin changes colour to match your surroundings (Stealth+).
Your rubbery body absorbs attacks. (AC +1, EV +1)
((You are camouflaged near water. (Stealth+)))
You have tentacles for arms and can constrict up to eight enemies at once.
You are mostly covered in iridescent scales. (AC +4)
You are strong-willed. (Will+)


Message History

The death yak simulacrum is severely damaged.
You block the death yak simulacrum's attack.
You hit the dire elephant simulacrum.
The dire elephant simulacrum is lightly damaged.
The dire elephant simulacrum tramples you!
The dire elephant simulacrum freezes you.
You resist.
The dire elephant simulacrum barely misses you.
The death yak simulacrum gores you! The death yak simulacrum freezes you.
You resist.
You hit the dire elephant simulacrum.
You squeeze the dire elephant simulacrum.
The dire elephant simulacrum is lightly damaged.
The two-headed ogre simulacrum is distracted by your dazzling golden aura.
You block the dire elephant simulacrum's attack.
The dire elephant simulacrum trunk-slaps you.
The dire elephant simulacrum freezes you!
You resist.
* * * LOW HITPOINT WARNING * * *
You feel much better.
You block the death yak simulacrum's attack.
You hit the dire elephant simulacrum but do no damage.
The dire elephant simulacrum is lightly damaged.
You block the dire elephant simulacrum's attack.
The dire elephant simulacrum misses you.
The death yak simulacrum gores you!!
* * * LOW HITPOINT WARNING * * *
The death yak simulacrum freezes you! You resist.
* * * LOW HITPOINT WARNING * * *
You feel much better.
The dire elephant simulacrum tramples you.
The dire elephant simulacrum freezes you.
You resist.
* * * LOW HITPOINT WARNING * * *
The dire elephant simulacrum misses you.
The death yak simulacrum gores you!!
* * * LOW HITPOINT WARNING * * *
The death yak simulacrum freezes you! You resist.
You die...
Your body crumbles into a pile of gold.

..# ..# ## ..## .##
#.##.....### ##
..#..#Z...☼ # ##
#####°°.°#.°.§ .. .#
##...###°.#..###...
.# ##........○#....○.
## #......##.°ZZ..#
#####....###....@.#
...#§....#.......$#
§§☼§§#.....##..####
§## ###....##.....
#### ###.........§
.#.### ###.........#
.....####≈≈≈######...
.......###≈≈≈# ##.
.........##.####


You could see a death yak simulacrum, a dire elephant simulacrum and a
two-headed ogre simulacrum.

Vanquished Creatures
  Jorgrun (D:12)
  Kirke (D:12)
  Josephine (D:10)
  Harold (D:9)
  Fannar (D:10)
  2 hydras
  An ogre mage (D:12)
  A boulder beetle (D:11)
  2 tengu warriors (D:11)
  3 death yaks (D:8)
  6 two-headed ogres
  Nergalle (D:10)
  Pikel (D:9)
  A cyclops (D:11)
  2 ice statues (IceCv)
  A cane toad (Lair:1)
  2 kobold demonologists (D:11)
  3 ice devils (IceCv)
  A troll (D:10)
  5 blink frogs (Lair:1)
  Grinder (D:3)
  11 slime creatures (D:12)
  4 wraiths
  2 shadows
  3 wyverns
  Sigmund (D:5)
  9 yaks
  3 hogs (D:12)
  A steam dragon (D:8)
  4 vampire mosquitoes (D:12)
  A harpy simulacrum (IceCv)
  3 acid dragons
  2 water moccasins
  3 necrophages
  3 orc warriors
  An ice beast (D:6)
  2 sky beasts
  A black bear (D:5)
  4 ogres
  3 centaurs
  3 lemures (D:9)
  4 kobold brigands
  Blork the orc (D:6)
  3 bullfrogs
  A two-headed ogre simulacrum (IceCv)
  3 scorpions
  A cane toad simulacrum (IceCv)
  3 gnoll sergeants
  A water moccasin skeleton (D:4)
  13 killer bees
  3 wights (D:9)
  6 centaur zombies
  4 hounds
  2 bullfrog skeletons
  4 orc priests
  A hell rat (D:8)
  Ijyb (D:5)
  8 orc wizards
  3 iguanas
  Terence (D:2)
  A spriggan simulacrum (IceCv)
  A troll simulacrum (IceCv)
  A wolf simulacrum (IceCv)
  A hound skeleton (D:4)
  A howler monkey zombie (D:8)
  Robin (D:2)
  11 gnolls
  6 adders
  A howler monkey skeleton (D:4)
  A shadow imp (D:8)
  3 white imps
  2 ufetubi
  A worm (D:2)
  3 dart slugs
  28 orcs
  5 endoplasms
  A giant cockroach (D:4)
  9 hobgoblins
  3 jackals (D:4)
  14 kobolds
  4 quokkas
  2 ball pythons
  A bat (D:2)
  3 frilled lizards
  20 goblins
  A jackal skeleton (D:4)
  6 rats
296 creatures vanquished.

Vanquished Creatures (others)
  A fungus (Lair:1)
1 creature vanquished.

Grand Total: 297 creatures vanquished

Notes
Turn   | Place    | Note
-------+----------+-------------------------------------------
     0 | D:1      | Tirrikindir the Octopode Fighter began the quest for the
                  | Orb.
     0 | D:1      | Reached XP level 1. HP: 16/16 MP: 1/1
   245 | D:1      | Reached XP level 2. HP: 21/21 MP: 2/2
   375 | D:1      | Reached skill level 1 in Stealth
   380 | D:1      | Gained mutation: You do not regenerate when monsters are
                  | visible. [potion of mutation]
   380 | D:1      | Gained mutation: One of your tentacles bears a spike.
                  | [potion of mutation]
   381 | D:1      | Lost mutation: You do not regenerate when monsters are
                  | visible. [potion of mutation]
   381 | D:1      | Lost mutation: One of your tentacles bears a spike. [potion
                  | of mutation]
   381 | D:1      | Gained mutation: You are partially covered in iridescent
                  | scales. (AC +2) [potion of mutation]
   381 | D:1      | Gained mutation: You are strong-willed. (Will+) [potion of
                  | mutation]
   381 | D:1      | Gained mutation: You are mostly covered in iridescent
                  | scales. (AC +4) [potion of mutation]
   541 | D:1      | Found a faded altar of an unknown god.
   832 | D:2      | Reached XP level 3. HP: 26/26 MP: 3/3
   868 | D:2      | Noticed Terence
   877 | D:2      | Killed Terence
   970 | D:2      | Reached XP level 4. HP: 31/31 MP: 4/4
   988 | D:2      | Noticed Robin
   998 | D:2      | Reached skill level 3 in Long Blades
  1009 | D:2      | Killed Robin
  1090 | D:2      | Found Nomus's Weapon Shop.
  1421 | D:2      | Reached XP level 5. HP: 36/36 MP: 5/5
  1645 | D:3      | Noticed a sky beast
  1660 | D:3      | Killed a sky beast
  1760 | D:3      | Reached XP level 6. HP: 43/43 MP: 6/6
  1825 | D:3      | Noticed Grinder
  1836 | D:3      | Killed Grinder
  1837 | D:3      | Reached skill level 4 in Long Blades
  2009 | D:3      | Reached XP level 7. HP: 48/48 MP: 7/7
  2022 | D:3      | Reached skill level 5 in Long Blades
  2195 | D:4      | Found a broken altar of Ashenzari.
  2232 | D:4      | Found an iron altar of Okawaru.
  2522 | D:4      | Found Rutzen Tepy's Armour Boutique.
  2537 | D:4      | Reached skill level 6 in Long Blades
  2747 | D:5      | Entered Level 5 of the Dungeon
  2757 | D:5      | Reached skill level 7 in Long Blades
  2757 | D:5      | Reached XP level 8. HP: 51/54 MP: 8/8
  2776 | D:5      | Noticed Ijyb
  2781 | D:5      | Killed Ijyb
  2845 | D:5      | Noticed Sigmund
  2860 | D:5      | Killed Sigmund
  2861 | D:5      | Reached skill level 1 in Evocations
  2915 | D:5      | Found a staircase to the Ecumenical Temple.
  2923 | D:5      | Reached skill level 5 in Stealth
  2937 | Temple   | Entered the Ecumenical Temple
  2976 | Temple   | Became a worshipper of Gozag Ym Sagoz the Greedy
  3149 | D:5      | Found Guowum's Book Boutique.
  3160 | D:5      | Reached skill level 8 in Long Blades
  3303 | D:5      | Found Cin Xeicwa's Antique Weapon Shop.
  3377 | D:5      | Found the +7 Singing Sword {vorpal, sonic wave}
  3740 | D:6      | Noticed Blork the orc
  3748 | D:6      | Killed Blork the orc
  3749 | D:6      | Reached XP level 9. HP: 54/58 MP: 9/9
  4290 | D:7      | Reached skill level 5 in Dodging
  4290 | D:7      | Reached skill level 5 in Shields
  4907 | D:8      | Noticed a death yak
  4939 | D:8      | Noticed a death yak
  4940 | D:8      | Noticed a death yak
  4941 | D:8      | Found a staircase to the Lair.
  4960 | D:8      | Reached skill level 9 in Long Blades
  4961 | D:8      | Killed a death yak
  4962 | D:8      | Reached skill level 5 in Fighting
  4962 | D:8      | Reached XP level 10. HP: 66/66 MP: 10/10
  4966 | D:8      | Killed a death yak
  4967 | D:8      | Reached skill level 5 in Evocations
  4971 | D:8      | Killed a death yak
  5094 | D:8      | Noticed a two-headed ogre
  5101 | D:8      | Killed a two-headed ogre
  5102 | D:8      | Reached skill level 10 in Long Blades
  5102 | D:8      | Reached XP level 11. HP: 72/72 MP: 11/11
  5196 | D:8      | Found an ornate altar of the Wu Jian Council.
  5471 | D:9      | Noticed Harold
  5484 | D:9      | Killed Harold
  5511 | D:9      | Noticed Pikel
  5520 | D:9      | Killed Pikel
  5591 | D:9      | Found an ancient bone altar of Kikubaaqudgha.
  5591 | D:9      | Found a stormy altar of Qazlal.
  5828 | D:8      | Bought the ring "Saghuem" {Will+ Str+3} for 459 gold pieces
  5847 | D:9      | Found Wuah's Armour Boutique.
  5847 | D:9      | Found a staircase to the Orcish Mines.
  6050 | D:10     | Entered Level 10 of the Dungeon
  6332 | D:10     | Noticed a two-headed ogre
  6339 | D:10     | Killed a two-headed ogre
  6546 | D:10     | Found a glowing golden altar of the Shining One.
  6569 | D:10     | Noticed Josephine
  6579 | D:10     | Killed Josephine
  6579 | D:10     | Noticed a two-headed ogre
  6586 | D:10     | Killed a two-headed ogre
  6614 | D:10     | Found a portal to a secret trove of treasure.
  6658 | D:10     | Noticed Fannar
  6658 | D:10     | Noticed Nergalle
  6666 | D:10     | Killed Nergalle
  6667 | D:10     | Reached XP level 12. HP: 80/80 MP: 12/12
  6671 | D:10     | Killed Fannar
  6672 | D:10     | Reached skill level 11 in Long Blades
  6697 | D:10     | Found a sparkling altar of Nemelex Xobeh.
  6963 | D:11     | Noticed a tengu warrior
  6964 | D:11     | Noticed a tengu warrior
  6969 | D:11     | Killed a tengu warrior
  6971 | D:11     | Killed a tengu warrior
  6972 | D:11     | Reached skill level 10 in Stealth
  7255 | D:11     | Noticed a boulder beetle
  7271 | D:11     | Killed a boulder beetle
  7458 | D:11     | Noticed a five-headed hydra
  7466 | D:11     | Killed a five-headed hydra
  7920 | D:8      | Bought a +4 ring of protection for 432 gold pieces
  8013 | D:12     | Noticed a two-headed ogre
  8021 | D:12     | Killed a two-headed ogre
  8075 | D:12     | Noticed Jorgrun
  8086 | D:12     | Killed Jorgrun
  8087 | D:12     | Reached skill level 10 in Shields
  8150 | D:12     | Reached skill level 10 in Dodging
  8193 | D:12     | Noticed an eight-headed hydra
  8202 | D:12     | Killed an eight-headed hydra
  8203 | D:12     | Reached skill level 12 in Long Blades
  8435 | D:12     | Reached XP level 13. HP: 63/89 MP: 13/13
  8462 | D:12     | Noticed Kirke
  8483 | D:12     | Killed Kirke
  8660 | D:12     | Reached skill level 10 in Fighting
  8985 | Lair:1   | Entered Level 1 of the Lair of Beasts
  9040 | Lair:1   | Found a frozen archway.
  9069 | IceCv    | Entered an ice cave
  9251 | IceCv    | Mangled by a death yak simulacrum

Illustrated notes

Levels and vault maps discovered:
D:1:      zaba_arrival_water, layout_basic, shapermc_ecumenical_altar_pompeii,
          chequers_avenue
D:2:      layout_loops_ring, serial_shops, nicolae_shop_statue_plus, uniq_robin,
          uniq_terence
D:3:      layout_loops_ring, hangedman_decor_points, kennysheep_generic_room_8,
          uniq_grinder
D:4:      layout_loops_ring, okawaru_trees_2, mainiacjoe_overflow_brackets,
          minmay_shop_grid_forest, hangedman_decor_opposing
D:5:      layout_gridville, minmay_temple_entry_stoned_glass, serial_glass,
          glass_columns_a, glass_columns_a, serial_shops, kennysheep_mini_moat,
          shop, minmay_misc_feat_tiny, uniq_ijyb, uniq_sigmund
D:6:      layout_cave_pools, lightli_orcish_oven, uniq_blork_the_orc
D:7:      layout_basic
D:8:      layout_cave_pools, kennysheep_mini, dpeg_lair_monsters
D:9:      layout_basic, gammafunk_temple_overflow_statue, orc_david_3,
          uniq_pikel, uniq_harold
D:10:     layout_roguey, tso_oasis_becter, mainiacjoe_overflow_alcove_4,
          enter_trove_2, uniq_fannar, uniq_nergalle, uniq_josephine
D:11:     layout_stronghold
D:12:     layout_gridville, uniq_jorgrun, uniq_kirke
Temple:   regret_index_temple_waves
Lair:1:   layout_roguey, portal_ice_cave_entry_pillars_2, st_stairs_8,
          beast_lair_carwin_9
IceCv:    ice_cave_small_demon

Skill      XL: |  1  2  3  4  5  6  7  8  9 10 11 12 13 |
---------------+----------------------------------------+-----
Stealth        | 1 2 3 4 6 7 8 9 10 | 10.0
Long Blades    | 3 4 7 8 9 10 12 | 12.3
Fighting       | 4 5 6 8 10 | 10.5
Dodging        | 4 6 7 8 10 | 10.2
Shields        | 4 6 7 8 10 | 10.2
Evocations     | 3 4 5 6 |  6.5

Action                   |  1- 3 |  4- 6 |  7- 9 | 10-12 | 13-15 || total
-------------------------+-------+-------+-------+-------+-------++-------
Melee: Long sword        |    36 |    65 |   114 |       |       ||   215
       Constrict         |    12 |    20 |    38 |    15 |    13 ||    98
       Tentacles         |     7 |    13 |    47 |    36 |    22 ||   125
       Double sword      |       |       |    68 |   147 |    83 ||   298
       Short sword       |       |       |       |     6 |       ||     6
       Unarmed           |       |       |       |       |     6 ||     6
Throw: Dart              |       |       |     1 |     2 |     1 ||     4
Invok: Call Merchant     |       |       |       |     1 |       ||     1
Evoke: Wand              |       |       |       |     5 |     2 ||     7
  Use: Scroll            |     2 |     3 |     4 |     4 |     1 ||    14
       Potion            |     2 |       |     1 |     4 |     2 ||     9
 Stab: Sleeping          |     3 |     3 |    24 |     9 |     1 ||    40
       Distracted        |       |       |     1 |     1 |     1 ||     3
       Paralysed         |       |       |       |     3 |       ||     3
Armor: Skin              |     8 |    20 |    38 |    19 |    11 ||    96
Dodge: Dodged            |    14 |    21 |    68 |    77 |    34 ||   214
Block: Kite shield       |    15 |    24 |    55 |    78 |    34 ||   206
       Rpst.: Long sword |     7 |    10 |     5 |       |       ||    22
       Double sword      |       |       |    10 |    22 |     9 ||    41
